 Dungeon Crawl Stone Soup version 0.28-a0-1638-g9123634e07 (webtiles) character file.

Game seed: 12750789377387757468

1430 hashsling the Skirmisher (level 8, -9/52 HPs)
             Began as a Gargoyle Gladiator on Jan 25, 2022.
             Was a Follower of Okawaru.
             Mangled by an orc warrior (15 damage)
             ... on level 6 of the Dungeon.
             The game lasted 00:14:07 (6610 turns).

hashsling the Skirmisher (Gargoyle Gladiator)       Turns: 6610, Time: 00:14:07

Health: -9/52      AC: 14    Str: 26    XL:     8   Next: 73%
Magic:  8/8        EV: 12    Int:  5    God:    Okawaru [*.....]
Gold:   252        SH:  0    Dex: 17    Spells: 3/7 levels left

rFire   . . .      SeeInvis +   a - +0 quarterstaff
rCold   . . .      Faith    .   (shield currently unavailable)
rNeg    + + .      Spirit   .   B - +0 ring mail
rPois   ∞          Reflect  .   c - +0 helmet
rElec   +          Harm     .   q - +1 cloak {rCorr}
rCorr   +          Rampage  .   (no gloves)
Will    .....                   (no boots)
Stlth   +.........              h - amulet of magic regeneration
HPRegen 0.17/turn               k - +6 ring of strength
MPRegen 0.51/turn               A - ring "Diufomy" {rN+ Int-4 Dex+6 SInv}

@: no status effects
A: sickness immunity, AC +5, negative energy resistance 1, electricity
resistance, torment resistance 1, petrification resistance
a: Renounce Religion, Heroism


You were on level 6 of the Dungeon.
You worshipped Okawaru.
Okawaru was aware of your devotion.
You visited 2 branches of the dungeon, and saw 7 of its levels.
You also visited: Sewer.

You collected 252 gold pieces.

Inventory:

Hand Weapons
 a - a +0 quarterstaff (weapon)
 p - a +4 quarterstaff of chaos
Armour
 b - a +0 leather armour
 c - a +0 helmet (worn)
 q - a +1 cloak of preservation (worn)
 B - a +0 ring mail (worn)
Jewellery
 h - an amulet of magic regeneration (around neck)
 j - a ring of willpower
 k - a +6 ring of strength (left hand)
 A - the ring "Diufomy" (right hand) {rN+ Int-4 Dex+6 SInv}
   (You found it on level 5 of the Dungeon)

   [ring of dexterity]

   Int:       It affects your intelligence (-4).
   Dex:       It affects your dexterity (+6).
   rN:        It protects you from negative energy.
   SInv:      It lets you see invisible.
Wands
 y - a wand of acid (17)
Scrolls
 g - 4 scrolls of teleportation
 i - 2 scrolls of magic mapping
 l - a scroll of amnesia {unknown}
 r - a scroll of noise {unknown}
 u - a scroll of enchant armour {unknown}
 v - a scroll of blinking {unknown}
 w - a scroll of vulnerability {unknown}
 x - 2 scrolls of identify
 D - a scroll of fog {unknown}
Potions
 e - a potion of flight {unknown}
 f - a potion of attraction {unknown}
 m - a potion of ambrosia {unknown}
 n - a potion of curing {unknown}
 o - a potion of haste {unknown}
 s - a potion of cancellation {unknown}
 z - a potion of might {unknown}
 C - a potion of brilliance {unknown}
 E - 2 potions of lignification {unknown}
Miscellaneous
 t - a tin of tremorstones (1/2)


   Skills:
 * Level 6.6 Fighting
 * Level 6.4 Staves
 - Level 2.0 Throwing
 * Level 4.0 Armour
 - Level 3.0 Dodging
 + Level 4.2 Hexes


You had 3 spell levels left.
You knew the following spells:

 Your Spells              Type           Power      Damage    Failure   Level
a - Confusing Touch       Hex            4%         N/A       38%         3
b - Slow                  Hex            16%        N/A       14%         1

Your spell library contained the following spells:

 Spells                   Type           Power      Damage    Failure   Level
 Apportation              Tloc           0%         N/A       61%         1
 Freeze                   Ice            0%         1d3       61%         1
 Frozen Ramparts          Ice            0%         1d2       93%         3
 Vampiric Draining        Necr           0%         2d6       93%         3
 Hailstorm                Conj/Ice       0%         3d3       100%        4
 Animate Skeleton         Necr           Unusable   N/A       N/A         1
 Summon Small Mammal      Summ           Unusable   N/A       N/A         1

Dungeon Overview and Level Annotations

Branches:
Dungeon (6/15)             Temple (1/1) D:5           Sewer (visited)

Altars:
Dithmenos
Elyvilon
Fedhas
Gozag
Hepliaklqana
Makhleb
Nemelex Xobeh
Okawaru
Qazlal
Ru
Sif Muna
Uskayaw


Innate Abilities, Weirdness & Mutations

You are immune to sickness and miasma.
Your stone body is resilient. (AC +5)
You are immune to poison.
You resist negative energy. (rN+)
You are resistant to electric shocks. (rElec)
You are resistant to unholy torment.
You are immune to petrification.


Message History

The orc warrior barely misses you.
You closely miss the orc warrior.
The orc warrior is lightly wounded.
The orc warrior closely misses you.
You hit the orc warrior but do no damage.
The orc warrior is lightly wounded.
The orc warrior barely misses you.
Throw: 2 throwing nets
Press: ? - help, Q - select action, (/) - cycle Shift-Dir - straight line, f - orc warrior
Aim: an orc warrior, wielding a +3 halberd and wearing a +0 plate armour (lightly wounded, 64% to hit)
You throw a throwing net.
The throwing net closely misses the orc warrior.
The orc warrior hits you with a +3 halberd!
Aiming: Corrosive Bolt
Press: ? - help, Shift-Dir - straight line, f/p - orc warrior
Aim: an orc warrior, wielding a +3 halberd and wearing a +0 plate armour (lightly wounded, 71% to hit)
The bolt of acid hits the orc warrior!
The acid corrodes the orc warrior!
The orc warrior is moderately wounded.
The orc warrior hits you with a +3 halberd!
* * * LOW HITPOINT WARNING * * *
Okay, then.
Throw: throwing net
Press: ? - help, Q - select action, (/) - cycle Shift-Dir - straight line, f/p - orc warrior
Aim: an orc warrior, wielding a +3 halberd and wearing a +0 plate armour (moderately wounded, covered in acid, 64% to hit)
You throw a throwing net.
The throwing net barely misses the orc warrior.
The orc warrior barely misses you.
You closely miss the orc warrior.
The orc warrior is moderately wounded.
The orc warrior closely misses you.
You barely miss the orc warrior.
The orc warrior is moderately wounded.
The orc warrior barely misses you.
You thump the orc warrior!
The orc warrior is severely wounded.
The orc warrior barely misses you.
You barely miss the orc warrior.
The orc warrior is severely wounded.
The orc warrior hits you with a +3 halberd!
You die...

####...........#
#...........##
#............#
#..........#.#
#####.....##.#
#.##...#.#
#.##.#.#.##
#.####.#..# ..#
#..#@# ...
##.#o# #...#
##..## #.).#
##..# #..# #(.#
..<.


You could see an orc warrior (corroded).

Vanquished Creatures
  Sigmund (D:5)
  Pargi (Sewer)
  An ice beast (D:4)
  A sky beast (D:5)
  A hornet zombie (D:6)
  A centaur (D:5)
  2 phantoms
  2 bullfrogs
  A scorpion (D:4)
  A howler monkey (D:5)
  A hound (D:4)
  An orc priest (D:6)
  Crazy Yiuf (D:3)
  A gnoll shaman (D:5)
  An iguana (D:5)
  3 orc wizards (D:6)
  9 gnolls
  4 adders
  2 river rats (D:4)
  An ufetubus (D:4)
  2 worms
  3 dart slugs
  14 orcs
  6 endoplasms
  3 giant cockroaches
  7 goblins
  3 hobgoblins
  9 kobolds
  4 quokkas
  5 ball pythons
  6 bats
  6 frilled lizards
  4 rats
108 creatures vanquished.

Notes
Turn   | Place    | Note
-------+----------+-------------------------------------------
     0 | D:1      | hashsling the Gargoyle Gladiator began the quest for the
                  | Orb.
     0 | D:1      | Reached XP level 1. HP: 12/12 MP: 1/1
   634 | D:1      | Reached XP level 2. HP: 10/18 MP: 2/2
  1485 | D:2      | Reached XP level 3. HP: 22/22 MP: 3/3
  2202 | D:2      | Found a faded altar of an unknown god.
  2467 | D:3      | Reached XP level 4. HP: 25/28 MP: 4/4
  2666 | D:3      | Found a runed translucent door.
  2667 | D:3      | Noticed Crazy Yiuf
  2680 | D:3      | Killed Crazy Yiuf
  2704 | D:3      | Learned a level 3 spell: Confusing Touch
  3241 | D:3      | Reached XP level 5. HP: 31/33 MP: 5/5
  3639 | D:4      | Reached skill level 1 in Hexes
  3652 | D:4      | Found a glowing drain.
  3713 | Sewer    | Entered a sewer
  3877 | Sewer    | Reached skill level 1 in Armour
  3974 | Sewer    | Noticed Pargi
  3981 | Sewer    | Killed Pargi
  3982 | Sewer    | Reached XP level 6. HP: 38/39 MP: 6/6
  4149 | D:4      | Reached XP level 7. HP: 42/44 MP: 7/7
  4151 | D:4      | Learned a level 1 spell: Slow
  4217 | D:4      | Reached skill level 5 in Staves
  4413 | D:4      | Reached skill level 5 in Fighting
  4986 | D:5      | Entered Level 5 of the Dungeon
  4989 | D:5      | Found a shadowy altar of Dithmenos.
  4989 | D:5      | Identified the ring "Diufomy" {rN+ Int-4 Dex+6 SInv}
  5216 | D:5      | Found a staircase to the Ecumenical Temple.
  5242 | D:5      | Noticed Sigmund
  5265 | Temple   | Entered the Ecumenical Temple
  5376 | Temple   | Became a worshipper of Warmaster Okawaru
  5414 | D:5      | Killed Sigmund
  5415 | D:5      | Reached XP level 8. HP: 51/51 MP: 8/8
  5941 | D:5      | Found a hide-covered altar of Uskayaw.
  6229 | D:6      | Reached * piety under Okawaru
  6262 | D:6      | Found a sacrificial altar of Ru.
  6610 | D:6      | Mangled by an orc warrior

Illustrated notes

Levels and vault maps discovered:
D:1:      saegor_arrival_simple_b, layout_loops_ring,
          chequers_serial_rivers_large_a
D:2:      layout_basic, dreamdust_ecumenical_altar_sealed_demon
D:3:      layout_loops_corners, uniq_crazy_yiuf_cottage
D:4:      layout_basic, portal_sewer_entry_a
D:5:      layout_loops_ring, nicolae_dithmenos_shadow_blocks,
          mainiacjoe_overflow_alcove_1, temple_pool_b, uniq_sigmund
D:6:      layout_basic, nicolae_ru_great_annihilating_truth,
          cheibrodos_ashenzari_chains, uniq_menkaure
Temple:   kb_temple_of_zot

Skill      XL: |  1  2  3  4  5  6  7  8 |
---------------+-------------------------+-----
Throwing       | 2 |  2.0
Fighting       | 3 4 5 6 |  6.6
Staves         | 4 5 6 |  6.4
Dodging        | 3 |  3.0
Hexes          | 1 2 3 4 |  4.2
Armour         | 1 2 4 |  4.0

Action                   |  1- 3 |  4- 6 |  7- 9 || total
-------------------------+-------+-------+-------++-------
Melee: Quarterstaff      |   107 |   124 |   189 ||   420
Throw: Throwing net      |     2 |     3 |     2 ||     7
 Cast: Slow              |       |       |     2 ||     2
Evoke: Wand              |       |       |     4 ||     4
       Tin of tremorston |       |       |     1 ||     1
  Use: Scroll            |       |     2 |       ||     2
 Stab: Held in net/web   |       |     2 |       ||     2
       Paralysed         |       |       |     2 ||     2
       Invisible         |       |       |     1 ||     1
Armor: Leather armour    |    49 |    52 |    18 ||   119
       Ring mail         |       |       |    72 ||    72
Dodge: Dodged            |    59 |    75 |   106 ||   240

Table legend: (Time is in decaauts)
 A = Elapsed time spent in this place.
 B = Non-inter-level travel time spent in this place.
 C = Inter-level travel time spent in this place.
 D = Time resting spent in this place.
 E = Time spent auto-exploring this place.
 F = Levels seen in this place.
 G = Mean time per level.
                   A        B        C        D        E       F      G
               +--------+--------+--------+--------+--------+-----+--------+
         Total |   6655 |   6487 |    168 |      0 |   5394 |   8 |  831.9 |
       Dungeon |   6139 |   6001 |    138 |      0 |   4997 |   6 | 1023.2 |
        Temple |    145 |    115 |     30 |      0 |     78 |   1 |  145.0 |
         Sewer |    370 |    370 |      0 |      0 |    319 |   1 |  370.0 |
               +--------+--------+--------+--------+--------+-----+--------+

Top non-repeatable levels by time:
     D:1: 1327 daAuts
     D:3: 1264 daAuts
     D:2: 1043 daAuts
     D:5: 1033 daAuts
     D:4: 1021 daAuts
     D:6: 448 daAuts
   Sewer: 370 daAuts
  Temple: 145 daAuts
